Cogmind - Beta 17.1 @@@ ROGUE MODE // 2026.09.18 @ 04:29:17 Player: Clog Result: Destroyed by S-10 Pest with Light Assault Rifle Performance ------------- Evolutions (0) 0 Regions Visited (2) 400 Robots Destroyed (26) 130 Value Destroyed (484) 484 Prototype IDs (1) 20 Alien Tech Used (0) 0 Bonus (0) 0 TOTAL SCORE: 1034 Bonus ------- None Cogmind --------- Core Integrity 0/250 Matter 300/300 Energy 199/250 System Corruption 0% Temperature Cool (16) Movement Core (550) Ox10 Location -10/Subcaves Parts ------- > --- POWER (1) -------- Ion Engine > --- PROPULSION (2) --- (None) > --- UTILITY (2) ------ Large Storage Unit > --- WEAPON (2) ------- Subdweller Laser Advanced Beam Cannon > --- INVENTORY (15) --- Light Ion Engine Light Treads Light Treads Light Treads Armored Wheel Disposable Heat Sink Disposable Heat Sink High-capacity Storage Unit Structural Scanner Advanced Beam Cannon Advanced Beam Cannon Subdweller Beam Cannon Datajack Mining Claw Peak State ------------ > --- POWER ------------ Light Nuclear Core > --- PROPULSION ------- Light Treads Light Treads > --- UTILITY ---------- Large Storage Unit Seismic Detector > --- WEAPON ----------- Advanced Beam Cannon Assault Rifle > --- INVENTORY -------- Ion Engine Light Ion Engine Armored Wheel Disposable Heat Sink Disposable Heat Sink Disposable Heat Sink Small Storage Unit Advanced Beam Cannon Advanced Beam Cannon Advanced Beam Cannon Mining Laser [Rating: 13] Favorites ----------- Power Light Nuclear Core Engine Ion Engine Power Core Light Nuclear Core Propulsion Light Treads Treads Light Treads Leg Aluminum Leg Utility Seismic Detector Device Seismic Detector Storage Large Storage Unit Weapon Assault Rifle Energy Gun Subdweller Laser Energy Cannon Advanced Beam Cannon Ballistic Gun Assault Rifle Slashing Weapon Mining Claw Build | -11 -10 -10 ------- Run | Yrd Mat Sub Slots Evolved . | . . . Power . | . . . Propulsion . | . . . Utility . | . . . Weapon . | . . . Parts Attached 14 | 1 10 3 Power 2 | . 1 1 Engine 1 | . . 1 Core 1 | . 1 . Reactor . | . . . Propulsion 4 | . 4 . Treads 2 | . 2 . Leg 2 | . 2 . Wheel . | . . . Hover . | . . . Flight . | . . . Utility 3 | 1 2 . Device 1 | 1 . . Storage 2 | . 2 . Processor . | . . . Hackware . | . . . Protection . | . . . Artifact . | . . . Weapon 5 | . 3 2 Energy Gun 1 | . . 1 Energy Cannon 2 | . 1 1 Ballistic Gun 1 | . 1 . Ballistic Cannon . | . . . Launcher . | . . . Special Weapon . | . . . Impact Weapon . | . . . Slashing Weapon 1 | . 1 . Piercing Weapon . | . . . Special Melee Weapon . | . . . Unidentified Prototypes 1 | . 1 . Parts Lost 6 | . . 6 Power 1 | . . 1 Propulsion 2 | . . 2 Utility 1 | . . 1 Weapon 2 | . . 2 Highest Loss Streak 4 | . . 4 To Critical Strikes 1 | . . 1 Average Backups 12 | 6 11 14 Power 1 | 1 2 1 Propulsion 2 | 3 2 4 Utility 3 | . 3 4 Weapon 3 | 1 3 4 Tool/Special . | . . . Unused Backups 29 | 8 8 13 Power 3 | 1 1 1 Propulsion 11 | 4 3 4 Utility 6 | 1 1 4 Weapon 8 | 2 3 3 Tool/Special 1 | . . 1 Average Slot Usage (%) 99 | . 100 95 Engine 3 | . 2 9 Core 10 | . 11 3 Treads 21 | . 20 26 Leg 6 | . 7 . Device 14 | . 14 14 Storage 14 | . 14 14 Energy Gun 1 | . . 7 Energy Cannon 11 | . 10 16 Ballistic Gun 15 | . 17 2 Peak Build Rating 13 | 7 13 13 Average Rating 11 | 6 11 12 On Entrance 8 | 6 7 13 Avg Prop Armor Cover (%) . | . . . Naked Turns . | . . . Heaviest Build 34 | 14 32 34 Greatest Support 40 | 20 40 40 Greatest Overweight (x) . | . . . Average Overweight (x) . | . . . Largest Inventory Capacity 20 | 8 20 15 Average Capacity 13 | 8 13 15 Most Carried 15 | 8 15 15 Average Carried 12 | 6 11 14 Final Capacity 15 | 8 15 15 Final Carried 15 | 7 15 14 Class Distribution -------------------- 91% | Mutant 8% | Scavenger-Mutant Dominant Class ---------------- Mutant | -10/Materials Mutant | -10/Subcaves Resources | -11 -10 -10 ----------- Run | Yrd Mat Sub Matter Collected 566 | 246 270 50 Remotely . | . . . Salvage Created 755 | 153 450 152 Parts 63 | 12 37 14 Haulers Intercepted 1 | . 1 . Recyclers Shooed 3 | . 3 . Parts Field Recycled . | . . . Retrieved Matter . | . . . Parts Self-Destructed 6 | . . 6 Prevented . | . . . Parts Restored . | . . . Kills | -11 -10 -10 ------- Run | Yrd Mat Sub Combat Hostiles Destroyed 17 | . 10 7 Guns 9 | . 6 3 Cannons 7 | . 3 4 AOE 1 | . 1 . Classes Destroyed 8 | 2 5 1 Tunneler 4 | 4 . . Hauler 1 | . 1 . Recycler 1 | 1 . . Operator 1 | . 1 . Watcher 2 | . 2 . Swarmer 9 | . 4 5 Grunt 6 | . 6 . Subdweller 2 | . . 2 Best Kill Streak 3 | 3 3 3 Combat Bots Only 3 | . 3 3 Max Kills in Single Turn 1 | 1 1 1 Gunslinging . | . . . Exploded 1 | . 1 . Melee . | . . . Uniques/NPCs Destroyed . | . . . Combat | -11 -10 -10 -------- Run | Yrd Mat Sub Hostile Shots Fired 132 | . 55 77 Missed 34 | . 11 23 Hits 98 | . 44 54 Projectile 98 | . 44 54 Critical Strikes 4 | . 2 2 Damage Taken 1175 | . 535 640 Core 253 | . 91 162 Absorbed by Shields . | . . . Core Remaining (%) 100 | 100 . . Volleys Fired 82 | 9 46 27 Largest 2 | 2 2 2 Hottest 136 | 40 88 136 Shots Fired 155 | 18 92 45 Gun 101 | 18 71 12 Cannon 54 | . 21 33 Launcher . | . . . Special . | . . . Kinetic 93 | 18 71 4 Thermal 62 | . 21 41 Explosive . | . . . Electromagnetic . | . . . Robot Hit Streak 11 | 5 11 9 Robot Miss Streak 5 | 5 4 5 Penetration Max . | . . . Secondary Targets . | . . . Shots Hit Robots 85 | 8 50 27 Core Hits 36 | 6 22 8 Critical Kills . | . . . Critical Parts Destroyed 1 | . 1 . Critical Strikes 1 | . 1 . Destroy 1 | . 1 . Melee Attacks 4 | . 4 . Impact . | . . . Slashing 4 | . 4 . Piercing . | . . . Sneak Attacks . | . . . Combat Hostiles . | . . . Follow-up Attacks . | . . . Damage Inflicted 1305 | 132 628 545 Guns 608 | 132 422 54 Cannons 697 | . 206 491 Explosions . | . . . Melee . | . . . Ramming . | . . . Kinetic 568 | 132 422 14 Thermal 737 | . 206 531 Explosive . | . . . Electromagnetic . | . . . Impact . | . . . Slashing . | . . . Piercing . | . . . Highest Corruption . | . . . Average Corruption . | . . . Corruption Purged . | . . . Corruption Blocked . | . . . Overload Shots . | . . . Overflow Damage 13 | . . 13 Projectiles 13 | . . 13 Explosions . | . . . Melee . | . . . Knockbacks . | . . . Impact . | . . . Kinetic . | . . . Secondary . | . . . Self-Inflicted Damage . | . . . Shots . | . . . Rammed . | . . . Targets Rammed . | . . . Kicked . | . . . Crushed . | . . . Highest Temperature 132 | . 132 42 Average Temperature 26 | . 30 13 Received Heat Transfer 291 | . 201 90 Siege Activations . | . . . Martial Activations . | . . . Shielding Activations . | . . . Robots Disrupted . | . . . Combat Hostiles . | . . . Robots Corrupted . | . . . Combat Hostiles . | . . . Parts Fried . | . . . Impact Corruptions . | . . . Robots Melted . | . . . Combat Hostiles . | . . . Parts Melted . | . . . Heat Transferred 1308 | . 370 938 Parts Sabotaged . | . . . Parts Stolen . | . . . Parts Stripped . | . . . Power Chain Reactions . | . . . Alert | -11 -10 -10 ------- Run | Yrd Mat Sub Maximum Alert Level . | . . . Low Security (%) 100 | 100 100 . Level 1 . | . . . Level 2 . | . . . Level 3 . | . . . Level 4 . | . . . Level 5 . | . . . High Security . | . . . Max Security . | . . . Peak Influence 95 | 10 95 . Initial 3 | . 3 . Average 31 | 1 33 . Influence Increases 553 | 25 378 150 Destroy 0b10 Robot/C 300 | . 200 100 Destroy 0b10 Robot/NC 45 | 25 20 . Destroy Leader 66 | . 46 20 Successful Hack 48 | . 48 . Destroy Structure 4 | . 4 . Partial Spotted 15 | . 15 . Lose Combat Pursuer 75 | . 45 30 Influence Decreases 533 | 20 383 130 Entered New Map 2 | . 2 . Time Decay 471 | 20 381 70 Lost Part 60 | . . 60 Squads Dispatched 1 | . 1 . Investigation . | . . . Extermination . | . . . Reinforcement 1 | . 1 . Assault . | . . . Garrison . | . . . Intercept . | . . . Searches Triggered . | . . . Construction Impeded . | . . . Haulers Reinforced . | . . . Active Scanning Responses . | . . . Cargo Convoy Interrupts . | . . . Stealth | -11 -10 -10 --------- Run | Yrd Mat Sub Distress Signals 1 | . 1 . Communications Jammed . | . . . Distress Signals . | . . . Times Spotted 38 | . 26 12 Peak Tracking Total 6 | . 6 4 Tactical Retreats 3 | . 2 1 Traps | -11 -10 -10 ------- Run | Yrd Mat Sub Traps Triggered . | . . . Indirectly . | . . . Trap Hack Attempts . | . . . Triggered . | . . . Disarmed . | . . . Reprogrammed . | . . . Reused . | . . . Traps Extracted . | . . . Installed . | . . . Triggered . | . . . Machines | -11 -10 -10 ---------- Run | Yrd Mat Sub Machines Disabled 1 | . 1 . Max in Single Turn 1 | . 1 . Machines Repaired . | . . . Machines Dismantled . | . . . Machines Sabotaged . | . . . Overloaded Fab Kills . | . . . Hacking | -11 -10 -10 --------- Run | Yrd Mat Sub Machines Accessed 7 | . 7 . Terminals 7 | . 7 . Fabricators . | . . . Repair Stations . | . . . Recycling Units . | . . . Scanalyzers . | . . . Garrison Access . | . . . Total Hacks 11 | . 11 . Successful 8 | . 8 . Failed 3 | . 3 . Catastrophic . | . . . Database Lockouts . | . . . Manual 9 | . 9 . Terminals 11 | . 11 . Fabricators . | . . . Repair Stations . | . . . Recycling Units . | . . . Scanalyzers . | . . . Garrison Access . | . . . Terminal Hacks 1 | . 1 . Locate Traps 1 | . 1 . Fabricator Hacks . | . . . Repair Station Hacks . | . . . Recycling Unit Hacks . | . . . Scanalyzer . | . . . Garrison Access Hacks . | . . . Unauthorized Hacks 7 | . 7 . Terminals 7 | . 7 . Skim 7 | . 7 . Fabricators . | . . . Repair Stations . | . . . Recycling Units . | . . . Scanalyzers . | . . . Garrison Access . | . . . Data Cores Recovered 1 | . 1 . Used . | . . . Hacking Detections 5 | . 5 . Full Trace Events 1 | . 1 . Feedback Events . | . . . Feedback Blocked . | . . . Robot Schematics Acquired . | . . . Robots Built . | . . . Authchips . | . . . Time . | . . . Total Robot Build Rating . | . . . Part Schematics Acquired . | . . . Parts Built . | . . . Authchips . | . . . Time . | . . . Total Part Build Rating . | . . . Part Studies Acquired . | . . . Parts Repaired . | . . . Time . | . . . Parts Recycled . | . . . Recycled Matter . | . . . Retrieved Matter . | . . . Retrieved Components . | . . . Parts Scanalyzed . | . . . Part Schematics Acquired . | . . . Parts Damaged . | . . . Bothacking | -11 -10 -10 ------------ Run | Yrd Mat Sub Used RIF Installer . | . . . Robots Hacked . | . . . Non-combat . | . . . Combat . | . . . Robot Hacks Applied . | . . . Relay Couplers Released . | . . . Fabnet Peak Effective % . | . . . Robots Rewired . | . . . Allies Hacked . | . . . Hacks Repelled . | . . . Allies | -11 -10 -10 -------- Run | Yrd Mat Sub Total Allies . | . . . Largest Group . | . . . Highest-Rated Group . | . . . Highest-Rated Ally . | . . . Total Orders . | . . . Ally Attacks . | . . . Total Damage . | . . . Kills . | . . . Allies Corrupted . | . . . Allies Melted . | . . . Intel | -11 -10 -10 ------- Run | Yrd Mat Sub Active Infowar (turns) 1521 | 3 1298 220 Seismic 1521 | 3 1298 220 Robot Analysis Total . | . . . Derelict Logs Recovered . | . . . Drone Launches . | . . . Drone Recoveries . | . . . Exploration | -11 -10 -10 ------------- Run | Yrd Mat Sub Turns Passed 1592 | 73 1298 221 Spaces Moved 822 | 30 707 85 Core . | . . . Treads 612 | . 527 85 Legs 210 | 30 180 . Wheels . | . . . Hover . | . . . Flight . | . . . Fastest Speed 120 | 120 120 160 Average Speed 149 | 120 149 160 Slowest Speed 160 | 120 160 160 Overloaded Moves . | . . . Propulsion Burnouts . | . . . Robots Hopped . | . . . Potential Cave-ins . | . . . Cave-ins Triggered . | . . . Exploration Rate (%) 34 | 4 93 5 Regions Visited 2 Branch Regions 1 Pre-discovered Areas 4 | . 4 . Known Exits Taken 1 | . 1 . Unknown Exits Taken 1 | 1 . . Scrap Searched . | . . . Spaces Dug 3 | . 3 . Terrain Destroyed 3 | . 3 . Melee 3 | . 3 . Projectile . | . . . AOE . | . . . Terrain Rammed . | . . . Walls Destroyed . | . . . Machines Disabled . | . . . Actions | -11 -10 -10 --------- Run | Yrd Mat Sub Total 1030 | 51 853 126 Wait 69 | 6 58 5 Move 820 | 29 706 85 Hop . | . . . Pick Up 22 | 4 16 2 Fast Attach 2 | . 1 1 Attach 4 | 1 . 3 Detach 1 | . . 1 Swap 11 | . 10 1 Drop 15 | 2 12 1 Fire 82 | 9 46 27 Melee 4 | . 4 . Ram . | . . . Kick . | . . . Crush . | . . . Escape Stasis . | . . . Rewire . | . . . Trap . | . . . Miscellaneous . | . . . Route ------- -11/Scrapyard -10/Materials (discovered 6 exits: *Mat x3 / *Min x2 / *Sub) -10/Subcaves (discovered 3 exits: Mat x2 / Rec) History --------- Turn | Location | Event 13 | -11/Scrapyard | Discovered new exit (range 3) 74 | -11/Scrapyard | Entered Materials 372 | -10/Materials | Discovered new exit (range 5) 582 | -10/Materials | Discovered new exit (range 13) 705 | -10/Materials | Build established: Mutant 795 | -10/Materials | Discovered new exit (range 6) 859 | -10/Materials | Discovered new exit (range 15) 959 | -10/Materials | Discovered new exit (range 16) 1115 | -10/Materials | Learned location of 2 exits from Subcaves 1154 | -10/Materials | Learned Storage emergency access door positions 1181 | -10/Materials | Identified exit to Subcaves 1198 | -10/Materials | Learned location of Subcaves (-10) 1206 | -10/Materials | Learned location of Mines (-10) 1207 | -10/Materials | Learned Storage stockpile data 1216 | -10/Materials | Learned location of 1 exit from Storage 1258 | -10/Materials | Identified exit to Materials 1258 | -10/Materials | Identified exit to Mines 1372 | -10/Materials | Entered Subcaves 1373 | -10/Subcaves | Identified exit to Recycling 1374 | -10/Subcaves | Identified exit to Materials 1423 | -10/Subcaves | Ambushed by Subdwellers from Twisted Machinery 1429 | -10/Subcaves | Core integrity fell below 50% 1571 | -10/Subcaves | Core integrity fell below 20% 1593 | -10/Subcaves | Destroyed by S-10 Pest with Light Assault Rifle Last Messages --------------- 01466_ Acquired 20 matter. 01469_ Acquired Sub. Beam Cannon. 01472_ Subatomizers dissect the Sub. Optics. 01473_ Acquired Lrg. Storage Unit. 01474_ Dropped Lrg. Storage Unit. 01479_ Acquired Sub. Laser. 01483_ Subatomizers dissect the Sub. Optics. 01483_ Acquired 20 matter. 01494_ Subatomizers dissect the Sub. Optics. 01569_ S-10 Pest destroyed. 01578_ Lgt. Treads destroyed. 01581_ Destroyed Lgt. Ion Engine. 01582_ Critical hit (Destroy). 01582_ Adv. Beam Cannon destroyed. 01585_ Flight Unit fries itself beyond repair. 01586_ Lgt. Assault Rifle fries itself beyond repair. 01591_ S-10 Pest destroyed. 01592_ Seismic Detector destroyed. 01592_ Lgt. Treads destroyed. Map ----- +----------------------------------------------------+ | ?????????????????????????????????????????????????? | | ?????????????????????????????????????????????????? | | ?????????????????????????????????????????????????? | | ?????????????????????????????????????????????????? | | ?????????????????????????????????????????????????? | | ?????????????????????????????????????????????????? | | ?????????????????????????????????????????????????? | | ?????????????????????????????????????????????????? | | ?????????? ???????????????????????????????????? | | ????????# ???????????????????????????????????? | | ??????## ????##????????????????????????????? | | ?????## ??## ## ??????????????????????????? | | ?????# ?## ???????????????????????????? | | ?????# #?# ???????????????????????????? | | ?????? ?## ????????????????????????????? | | ??????? ? ????????????????????????????? | | ???????? ?? ?????????????????????????????? | | ????????# #?? ##????????????????????????????? | | ????????# #?## #????????????????????????????? | | ????????# #?? ##????????????????????????????? | | ?????#### #?## ##???????????????????????????? | | ????## ### #??????###??????????????????? | | ????# #?????# #??##??????????????? | | ??????# #??### # ## #?????????? | | ??????## %%### #### s #??????????? | | ???????# % ##?# s @ =%% #???????????? | | ??????## #??# s #### ###???????????????? | | ??????# ##?### ##??????????????????????? | | ??????# # ###?## ##???????????????????????? | | ??????# ## !=##?## ##????????????????????????? | | ??????#### != #??### #?????????????????????????? | | ???????## &!%!!#????###?????????????????????????? | | ???????# %####?????????>??????????????????????? | | ???????# ##???????????????????????????????????? | | ???????# #????????????????????????????????????? | | ???????## #????????????????????????????????????? | | ???????## ##????????????????????????????????????? | | ???????# ##????????????????????????????????????? | | ???????## #?###????????????????????????????????? | | ????????# #### #????????????????????????????????? | | ????????# ### #????????????????????????????????? | | ??## ### ## ##???????????????????????????????? | | ?# % #???????????????????????????